[ AOE2 MATCH · #505826378 ]
UnrankedBurmese vs Khmer
Player's team · WIN
Rival team · LOSS
[ REPLAY ANALYSIS · EXTRACTED FROM THE RECORDED GAME ]
Feudal
9:21
Castle
—
Imperial
—
| APM avg | 42.8 |
| APM peak | 109 |
| eAPM avg | 18.7 |
| Villagers / military | 57 / 9 |
Focus
⚔️ 32.2% · 🌾 67.8%
Militia ×9
Feudal
10:14
Castle
—
Imperial
—
| APM avg | 53.5 |
| APM peak | 125 |
| eAPM avg | 13.4 |
| Villagers / military | 46 / 16 |
Focus
⚔️ 26.4% · 🌾 73.6%
Archer ×16
Match map
Initial resources + every placement click. Lines = walls · curves = elevation contours. ◆ gold · ⬟ stone · ● berries · ✦ relic · ◌ wall gap
Your base· Open — 4t gap
Genghis_AoE's base· Open — unwalled flank
Smoothed initial terrain · ◌ = detected wall gap · hover for details
Inputs per minute
— Ellis - - Genghis_AoE
Build order — Ellis
135 actions detected in the replay
| 0:00 | Queue | Villager (Male) |
| 0:01 | Build | House |
| 0:02 | Build | House |
| 0:07 | Queue | Villager (Male) |
| 0:12 | Queue | Villager (Male) |
| 0:16 | Queue | Villager (Male) |
| 1:21 | Queue | Villager (Male) |
| 1:55 | Build | Lumber Camp |
| 1:59 | Queue | Villager (Male) |
| 2:30 | Queue | Villager (Male) |
| 2:50 | Queue | Villager (Male) |
| 3:02 | Build | House |
| 3:22 | Queue | Villager (Male) |
| 3:47 | Queue | Villager (Male) |
| 4:06 | Queue | Villager (Male) |
| 4:06 | Queue | Villager (Male) |
| 4:25 | Build | Mill |
| 4:39 | Queue | Villager (Male) |
| 4:40 | Queue | Villager (Male) |
| 4:43 | Queue | Villager (Male) |
| 5:34 | Queue | Villager (Male) |
| 5:59 | Queue | Villager (Male) |
| 6:46 | Research | Loom |
| 6:53 | Build | Barracks |
| 7:09 | Research | Feudal Age |
| 7:09 | Research | Feudal Age |
| 7:12 | Build | House |
| 7:14 | Build | Palisade Wall |
| 7:57 | Queue | Militia |
| 7:57 | Queue | Militia |
| 7:57 | Queue | Militia |
| 8:01 | Build | Mining Camp |
| 8:14 | Queue | Militia |
| 8:50 | Build | House |
| 8:57 | Queue | Villager (Male) |
| 9:21 | Age | Feudal Age |
| 9:24 | Build | Palisade Wall |
| 9:26 | Research | Man-at-Arms (upgrade) |
| 9:29 | Queue | Villager (Male) |
| 9:43 | Build | Mining Camp |
| 9:54 | Queue | Villager (Male) |
| 10:05 | Research | Town Watch |
| 10:10 | Build | Palisade Wall |
| 10:14 | Queue | Villager (Male) |
| 10:27 | Queue | Villager (Male) |
| 10:31 | Build | Palisade Wall |
| 10:38 | Queue | Villager (Male) |
| 10:40 | Queue | Militia |
| 10:45 | Build | Watch Tower |
| 10:58 | Build | Watch Tower |
| 11:00 | Queue | Villager (Male) |
| 11:16 | Queue | Militia |
| 11:17 | Queue | Villager (Male) |
| 11:23 | Build | Mill |
| 11:32 | Queue | Villager (Male) |
| 11:57 | Build | House |
| 12:29 | Build | Watch Tower |
| 12:35 | Queue | Villager (Male) |
| 12:47 | Queue | Villager (Male) |
| 12:57 | Queue | Militia |
| 13:05 | Queue | Villager (Male) |
| 13:22 | Queue | Villager (Male) |
| 13:49 | Build | Blacksmith |
| 13:51 | Build | House |
| 13:52 | Build | Palisade Wall |
| 14:03 | Queue | Militia |
| 14:03 | Queue | Militia |
| 14:07 | Queue | Villager (Male) |
| 14:12 | Build | House |
| 14:54 | Build | Watch Tower |
| 14:56 | Queue | Villager (Male) |
| 15:01 | Build | Farm |
| 15:03 | Build | Farm |
| 15:06 | Build | Farm |
| 15:08 | Queue | Villager (Male) |
| 15:31 | Build | Farm |
| 15:34 | Build | Farm |
| 15:46 | Research | Fletching |
| 15:46 | Queue | Villager (Male) |
| 15:59 | Build | Watch Tower |
| 16:01 | Queue | Villager (Male) |
| 16:27 | Queue | Villager (Male) |
| 16:29 | Build | Farm |
| 16:44 | Queue | Villager (Male) |
| 17:05 | Build | Watch Tower |
| 17:07 | Queue | Villager (Male) |
| 17:25 | Queue | Villager (Male) |
| 17:44 | Queue | Villager (Male) |
| 17:48 | Research | Horse Collar |
| 18:14 | Build | Watch Tower |
| 18:21 | Queue | Villager (Male) |
| 18:28 | Queue | Villager (Male) |
| 18:43 | Build | Farm |
| 18:52 | Build | Farm |
| 18:53 | Queue | Villager (Male) |
| 19:05 | Queue | Villager (Male) |
| 19:12 | Build | Watch Tower |
| 19:14 | Queue | Villager (Male) |
| 19:35 | Queue | Villager (Male) |
| 19:54 | Build | House |
| 19:55 | Build | Farm |
| 20:13 | Queue | Villager (Male) |
| 20:20 | Build | Farm |
| 20:21 | Build | Farm |
| 20:39 | Queue | Villager (Male) |
| 20:51 | Build | Market |
| 20:53 | Build | Palisade Gate |
| 20:53 | Build | Palisade Wall |
| 20:55 | Build | Palisade Wall |
| 20:57 | Queue | Villager (Male) |
| 20:59 | Build | Farm |
| 21:00 | Build | Farm |
| 21:01 | Build | Farm |
| 21:09 | Queue | Villager (Male) |
| 21:15 | Queue | Villager (Male) |
| 21:17 | Queue | Villager (Male) |
| 21:20 | Build | Farm |
| 21:21 | Build | Farm |
| 21:34 | Queue | Villager (Male) |
| 21:35 | Build | Farm |
| 21:37 | Build | Farm |
| 21:39 | Build | Farm |
| 21:54 | Build | Watch Tower |
| 22:16 | Queue | Villager (Male) |
| 22:17 | Build | Farm |
| 22:25 | Research | Wheelbarrow |
| 22:29 | Queue | Villager (Male) |
| 22:50 | Queue | Villager (Male) |
| 22:53 | Build | Farm |
| 23:08 | Build | Palisade Gate |
| 23:12 | Build | House |
| 23:13 | Build | House |
| 23:46 | Queue | Villager (Male) |
| 23:48 | Build | Farm |
| 23:50 | Research | Castle Age |
Build order — Genghis_AoE
99 actions detected in the replay
| 0:00 | Queue | Villager (Male) |
| 0:00 | Queue | Villager (Male) |
| 0:01 | Queue | Villager (Male) |
| 0:01 | Queue | Villager (Male) |
| 0:01 | Queue | Villager (Male) |
| 0:03 | Build | House |
| 0:04 | Build | House |
| 1:34 | Queue | Villager (Male) |
| 1:55 | Build | Lumber Camp |
| 2:01 | Queue | Villager (Male) |
| 2:24 | Queue | Villager (Male) |
| 2:52 | Queue | Villager (Male) |
| 3:15 | Queue | Villager (Male) |
| 3:42 | Queue | Villager (Male) |
| 3:42 | Queue | Villager (Male) |
| 3:49 | Build | House |
| 4:03 | Queue | Villager (Male) |
| 4:33 | Build | Mill |
| 5:12 | Queue | Villager (Male) |
| 5:13 | Queue | Villager (Male) |
| 5:13 | Queue | Villager (Male) |
| 5:14 | Research | Loom |
| 6:35 | Build | Mill |
| 7:02 | Queue | Villager (Male) |
| 7:07 | Build | House |
| 7:26 | Queue | Villager (Male) |
| 8:05 | Research | Feudal Age |
| 8:12 | Build | Mining Camp |
| 9:00 | Queue | Villager (Male) |
| 10:14 | Age | Feudal Age |
| 10:23 | Build | Archery Range |
| 10:42 | Build | Palisade Wall |
| 10:48 | Build | Palisade Wall |
| 10:49 | Build | Palisade Wall |
| 11:04 | Queue | Villager (Male) |
| 11:04 | Queue | Villager (Male) |
| 11:06 | Research | Double-Bit Axe |
| 11:08 | Queue | Archer |
| 11:08 | Queue | Archer |
| 11:15 | Build | Watch Tower |
| 11:35 | Build | Palisade Wall |
| 11:37 | Build | Palisade Wall |
| 12:06 | Queue | Archer |
| 12:07 | Queue | Villager (Male) |
| 12:09 | Build | Farm |
| 12:26 | Build | Market |
| 13:11 | Build | Farm |
| 13:13 | Build | Farm |
| 13:18 | Build | Farm |
| 13:57 | Build | Mining Camp |
| 13:59 | Queue | Archer ×3 |
| 14:04 | Build | House |
| 14:15 | Queue | Villager (Male) |
| 14:35 | Build | House |
| 14:50 | Queue | Villager (Male) |
| 15:03 | Build | Farm |
| 15:06 | Build | House |
| 15:13 | Queue | Villager (Male) |
| 15:19 | Build | Farm |
| 15:21 | Build | Farm |
| 15:27 | Build | Archery Range |
| 15:40 | Build | House |
| 15:48 | Queue | Villager (Male) |
| 16:06 | Queue | Villager (Male) |
| 16:09 | Queue | Archer |
| 16:15 | Build | Palisade Wall |
| 16:22 | Build | Farm |
| 16:23 | Build | Farm |
| 16:24 | Build | Farm |
| 16:27 | Queue | Archer |
| 16:28 | Queue | Villager (Male) |
| 16:52 | Queue | Villager (Male) |
| 17:03 | Build | Farm |
| 17:25 | Queue | Villager (Male) |
| 17:28 | Build | Blacksmith |
| 17:34 | Build | Farm |
| 18:00 | Build | House |
| 18:03 | Build | Palisade Wall |
| 18:09 | Research | Fletching |
| 18:30 | Queue | Villager (Male) |
| 18:31 | Queue | Archer ×4 |
| 18:59 | Queue | Villager (Male) |
| 18:59 | Queue | Villager (Male) |
| 19:44 | Queue | Archer ×2 |
| 19:58 | Queue | Villager (Male) |
| 19:58 | Queue | Villager (Male) |
| 20:12 | Queue | Archer |
| 21:38 | Queue | Villager (Male) |
| 21:39 | Queue | Villager (Male) |
| 21:39 | Queue | Villager (Male) |
| 21:51 | Queue | Villager (Male) |
| 22:30 | Queue | Archer |
| 22:31 | Queue | Villager (Male) |
| 22:31 | Queue | Villager (Male) |
| 22:31 | Queue | Villager (Male) |
| 23:00 | Queue | Villager (Male) |
| 23:30 | Queue | Villager (Male) |
| 23:30 | Queue | Villager (Male) |
| 23:31 | Queue | Villager (Male) |
Match timeline
| 6:53 | Ellis · first_building Barracks |
| 7:14 | Ellis · wall_segment Palisade Wall x2 |
| 9:21 | Ellis · age_up feudal |
| 9:24 | Ellis · wall_segment Palisade Wall x1 |
| 10:10 | Ellis · wall_segment Palisade Wall x2 |
| 10:14 | Genghis_AoE · age_up feudal |
| 10:23 | Genghis_AoE · first_building Archery Range |
| 10:31 | Ellis · wall_segment Palisade Wall x1 |
| 10:42 | Genghis_AoE · wall_segment Palisade Wall x1 |
| 10:48 | Genghis_AoE · wall_segment Palisade Wall x1 |
| 10:49 | Genghis_AoE · wall_segment Palisade Wall x1 |
| 11:35 | Genghis_AoE · wall_segment Palisade Wall x1 |
| 11:37 | Genghis_AoE · wall_segment Palisade Wall x1 |
| 13:38 | Genghis_AoE · first_market_sell 100 wood |
| 13:52 | Ellis · wall_segment Palisade Wall x5 |
| 16:15 | Genghis_AoE · wall_segment Palisade Wall x6 |
| 18:03 | Genghis_AoE · wall_segment Palisade Wall x1 |
| 20:53 | Ellis · wall_segment Palisade Wall x4 |
| 20:55 | Ellis · wall_segment Palisade Wall x5 |
| 24:02 | Genghis_AoE · resign |
[ AI ANALYSIS · 1 CREDIT ]
What really happened in this match?
Wolo.gg analyzes every decision: build order, eco, micro, common mistakes by bracket. Personalized analysis on WhatsApp or Discord in 30 seconds.
Civ guide
Burmese
Perfil
Jugador #18015351